 Dungeon Crawl Stone Soup version 0.30-a0-956-gcec3b41aec (webtiles) character file.

Game seed: 3588559872412788670

105 jasper the Digger (level 4, -2/40 HPs)
             Began as an Octopode Earth Elementalist on Mar 29, 2023.
             Slain by an orc wizard
             ... wielding a +0 dagger
              (4 damage)
             ... on level 3 of the Dungeon.
             The game lasted 00:03:32 (1866 turns).

jasper the Digger (Octopode Earth Elementalist)     Turns: 1866, Time: 00:03:32

Health: -2/40      AC:  1    Str:  7    XL:     4   Next: 83%
Magic:  1/7        EV: 13    Int: 19    God:
Gold:   87         SH:  0    Dex: 12    Spells: 1/7 levels left

rFire   . . .      SeeInvis .    (no weapon)
rCold   . . .      Faith    .    (no shield)
rNeg    . . .      Spirit   .    (helmet restricted)
rPois   .          Reflect  .    (no amulet)
rElec   .          Rampage  .    (no ring)
rCorr   .                        (no ring)
Will    .....                    (no ring) Stlth
                                 (no ring)
HPRegen 0.26/turn                (no ring)
MPRegen 0.10/turn                (no ring)
                                 (no ring)
                                 (no ring)

@: berserking (expiring), very quick
A: almost no armour, amphibious, 8 rings, camouflage 1, gelatinous body 1,
(nimble swimmer 1), tentacles
a: no special abilities


You were on level 3 of the Dungeon.
You visited 1 branch of the dungeon, and saw 3 of its levels.

You collected 87 gold pieces.

Inventory:

Potions
 a - a potion of magic
 b - a potion of brilliance
 d - a potion of might
 f - a potion of ambrosia {unknown}


   Skills:
 - Level 2.0 Dodging
 - Level 2.6 Stealth
 - Level 2.2 Spellcasting
 - Level 1.5 Transmutations
 + Level 5.0 Earth Magic


You had one spell level left.
You knew the following spells:

 Your Spells              Type           Power      Damage    Failure   Level
a - Sandblast             Erth           42%        2d11      1%          1
b - Passwall              Tmut/Erth      11%        N/A       6%          2
c - Stone Arrow           Conj/Erth      22%        3d8       17%         3

Your spell library contained the following spells:

 Spells                   Type           Power      Damage    Failure   Level
 Shock                    Conj/Air       8%         1d3       17%         1
 Petrify                  Tmut/Erth      14%        N/A       38%         4
 Swiftness                Air            2%         N/A       45%         3
 Airstrike                Air            1%         2d(1-17)  86%         4


Dungeon Overview and Level Annotations

Branches:
Dungeon (3/15)

Altars:


Innate Abilities, Weirdness & Mutations

You cannot wear most types of armour.
You are amphibious.
You can wear up to eight rings at the same time.
Your skin changes colour to match your surroundings (Stealth+).
Your rubbery body absorbs attacks. (AC +1, EV +1)
((You are camouflaged when in or above water. (Stealth+)))
You have tentacles for arms and can constrict up to eight enemies at once.


Message History

You hear some strange, mumbled words.
You are confused.
You're too confused to move!
You hear some strange, mumbled words.
You are more confused.
You bump into the rock wall.
A magic dart appears from out of thin air!
The magic dart hits you.
You take 5 damage, and have 12/27 hp.
You bump into the rock wall.
You completely miss something. Something hits you.
You take 4 damage, and have 9/27 hp.
You bump into the rock wall.
Something hits you.
* * * LOW HITPOINT WARNING * * *
You take 1 damage, and have 8/27 hp.
It was a potion of berserk rage.
A red film seems to cover your vision as you go berserk!
You feel yourself moving faster!
You feel mighty! Something hits you.
* * * LOW HITPOINT WARNING * * *
You now have 8/40 hp.
You closely miss something. You miss something. Your squeeze misses something.
Something hits you.
* * * LOW HITPOINT WARNING * * *
You take 1 damage, and have 8/40 hp.
You barely miss something. Your squeeze misses something. Something hits you.
* * * LOW HITPOINT WARNING * * *
You take 1 damage, and have 7/40 hp.
You barely miss something.
You bump into the rock wall.
Something hits you.
* * * LOW HITPOINT WARNING * * *
You take 3 damage, and have 4/40 hp.
You bump into the rock wall.
You feel a strong urge to attack something.
You miss something. Your squeeze misses something. Something hits you.
* * * LOW HITPOINT WARNING * * *
You take 2 damage, and have 2/40 hp.
You miss something.
You feel less confused. Something hits you.
You die...

###
#.####.#####..#
#.. ######>#
#.# #..# #.#
#......# #.#
#..# #.#
#)###### #.#
#..# #.# #.#
#.# #..# #.#
#.# #.# #..#
#<# #.# #.# ..#
#.######.#
#######.#
#(.......#
#o{@....#
########.#
#.####### #.#
#)# #.# #o# #..
... ..# #.. ###
.... #..# #...


You could see an orc.

Vanquished Creatures
  Terence (D:2)
  2 adders
  A gnoll (D:1)
  3 dart slugs
  3 orcs (D:3)
  3 bats (D:1)
  3 endoplasms
  A giant cockroach (D:1)
  5 goblins
  5 hobgoblins
  3 jackals (D:1)
  A quokka (D:2)
  4 ball pythons
  2 frilled lizards
  4 kobolds (D:1)
  3 rats
44 creatures vanquished.

Notes
Turn   | Place    | Note
-------+----------+-------------------------------------------
     0 | D:1      | jasper the Octopode Earth Elementalist began the quest for
                  | the Orb.
     0 | D:1      | Reached XP level 1. HP: 11/11 MP: 3/3
   152 | D:1      | Reached XP level 2. HP: 17/17 MP: 3/5
   326 | D:1      | Learned a level 2 spell: Passwall
   512 | D:1      | Reached XP level 3. HP: 15/21 MP: 0/6
   770 | D:1      | Reached skill level 4 in Earth Magic
   959 | D:2      | Noticed Terence
   966 | D:2      | Killed Terence
   967 | D:2      | Reached XP level 4. HP: 27/27 MP: 2/7
  1228 | D:2      | Learned a level 3 spell: Stone Arrow
  1797 | D:3      | Reached skill level 5 in Earth Magic
  1865 | D:3      | HP: 2/40 [something (3)]
  1866 | D:3      | Slain by an orc wizard

Illustrated notes

Levels and vault maps discovered:
D:1:      dpeg_arrival_boxorama, layout_basic
D:2:      layout_basic, uniq_terence
D:3:      layout_loops_ring, pdpol_wu_jian_five_deadly_venoms,
          shapermc_ecumenical_altar_pompeii, minmay_misc_feat_hallway,
          minmay_misc_feat_alley

Skill      XL: |  1  2  3  4 |
---------------+-------------+-----
Earth Magic    | 4 5 |  5.0
Dodging        | |  2.0
Stealth        | |  2.6
Spellcasting   | |  2.2
Transmutations | |  1.5

Action                     |  1- 3 |  4- 6 || total
---------------------------+-------+-------++-------
  Melee: Unarmed           |     1 |     7 ||     8
         Constrict         |     1 |       ||     1
   Cast: Sandblast         |    41 |    25 ||    66
    Use: Scroll            |     1 |     3 ||     4
         Potion            |       |     1 ||     1
 Armour: Skin              |     1 |     1 ||     2
  Dodge: Dodged            |     8 |     6 ||    14

Table legend: (Time is in decaauts)
 A = Elapsed time spent in this place.
 B = Non-inter-level travel time spent in this place.
 C = Inter-level travel time spent in this place.
 D = Time resting spent in this place.
 E = Time spent auto-exploring this place.
 F = Levels seen in this place.
 G = Mean time per level.
                   A        B        C        D        E       F      G
               +--------+--------+--------+--------+--------+-----+--------+
         Total |   1896 |   1858 |     38 |    221 |   1365 |   3 |  632.0 |
       Dungeon |   1896 |   1858 |     38 |    221 |   1365 |   3 |  632.0 |
               +--------+--------+--------+--------+--------+-----+--------+

Top non-repeatable levels by time:
     D:1: 919 daAuts
     D:2: 806 daAuts
     D:3: 170 daAuts
